AoeStats
← Master Commander

Black Forest

505035957Analyzed
2v2 RM · 24d ago on Sep 7, 2026· 30m 35s· 4 players
Game mode
Random Map
Map size
Medium (4 player)
Population
200
Speed
Normal
Resources
Standard
Victory
Conquest
Starting age
Dark Age
Ending age
Imperial Age
RankedLock teamsTeams togetherTeam positionsShared explorationLock speedFull tech treeHidden civsTurbo modeCheats
Victory
Defeat
🇨🇦 Goths · Canada
888
+17
🇦🇿 Persians · Azerbaijan
874
+17
901
-48
🇨🇳 Khmer · China
901
-48
trn25
0:32 Loom
12:22 Feudal Age
13:28 Double-Bit Axe
13:33 Horse Collar
13:44 Gold Mining
15:36 Wheelbarrow
19:52 Castle Age
18:24 Stone Mining
19:16 Scale Barding Armor
19:22 Forging
21:25 Bow Saw
23:07 Chain Barding Armor
23:04 Heavy Plow
25:15 Iron Casting
25:55 Town Watch
26:48 Gold Shaft Mining
30:20 Imperial Age
29:06 Stone Shaft Mining
29:22 Husbandry
29:45 Bloodlines
Master Commander
2:18 Loom
13:11 Feudal Age
13:30 Man-at-Arms
14:32 Double-Bit Axe
15:05 Forging
14:56 Scale Mail Armor
19:19 Wheelbarrow
20:03 Fletching
20:49 Town Watch
23:04 Horse Collar
26:20 Castle Age
26:50 Long Swordsman
27:30 Squires
28:13 Iron Casting
27:53 Chain Mail Armor
27:42 Heavy Plow
27:56 Bow Saw
28:56 Hand Cart
29:11 Anarchy
30:18 Bodkin Arrow
泡1泡
10:54 Feudal Age
12:01 Double-Bit Axe
15:34 Castle Age
15:23 Wheelbarrow
26:51 Bow Saw
摸腻细(恩师宇澄)
12:16 Feudal Age
12:15 Double-Bit Axe
12:13 Horse Collar
14:33 Heavy Plow
14:44 Bow Saw
16:47 Gold Mining
20:20 Castle Age
21:30 Husbandry
22:34 Scale Barding Armor
22:40 Forging
27:39 Cavalier
Connection lost

Rejoining the realm…

Still unreachable

The connection could not be restored.

Session expired

The server has moved on; the page needs a fresh start.